 Dungeon Crawl Stone Soup version 0.16.1-4-g8e1b745 (webtiles) character file.

206 roverover the Sneak (level 5, -1/42 HPs)
             Began as a Naga Ice Elementalist on Mar 27, 2015.
             Slain by an orc wizard
             ... wielding a +1 dagger of flaming
              (3 damage)
             ... on level 3 of the Dungeon.
             The game lasted 00:07:36 (3075 turns).

roverover the Sneak (Naga Ice Elementalist)         Turns: 3075, Time: 00:07:37

Health: -1/42      AC:  3    Str: 11    XL:     5   Next: 84%
Magic:  9/9        EV: 10    Int: 16    God:
Gold:   84         SH:  0    Dex: 11    Spells: 1 memorised, 7 levels left

rFire  . . .     SeeInvis +     o - +4 quarterstaff (chaos)
rCold  . . .     Clarity  .     a - +0 robe
rNeg   . . .     SustAb   .     (no shield)
rPois  +         Gourm    .     (no helmet)
rElec  .         Spirit   .     p - +0 cloak
rCorr  .         Warding  .     (no gloves)
rMut   .         Stasis   .     (no barding)
MR     .....                    q - amulet of faith
Stlth  ++++......               (no ring)
                                (no ring)

@: very slow, not resistant to hostile enchantments, stealthy
A: spit poison, see invisible, deformed body, poison resistance, slowness 2, AC
+1
a: Spit Poison


You were on level 3 of the Dungeon.
You were not hungry.

You visited 1 branch of the dungeon, and saw 3 of its levels.

You collected 84 gold pieces.

Inventory:

Hand weapons
 g - a +0 flail
 o - a +4 quarterstaff of chaos (weapon)
Missiles
 f - 95 stones (quivered)
 v - 13 poisoned needles
Armour
 a - a +0 robe (worn)
 p - a +0 cloak (worn)
Jewellery
 e - an uncursed ring of flight {unknown}
 q - an amulet of faith (around neck)
Magical devices
 r - a wand of polymorph (9)
Scrolls
 i - a scroll of remove curse
 k - a scroll of random uselessness {unknown}
 s - 2 scrolls of teleportation {unknown}
Potions
 j - a potion of invisibility
 l - a potion of cancellation
 m - a potion of curing {unknown}
 n - a potion of brilliance {unknown}
Books
 b - a book of Frost

   Spells                             Type                      Level
   a - Freeze                         Ice                          1
   b - Throw Frost                    Conjuration/Ice              2
   c - Ozocubu's Armour               Charms/Ice                   3
   d - Throw Icicle                   Conjuration/Ice              4
   e - Summon Ice Beast               Ice/Summoning                4
   f - Condensation Shield            Ice                          4
Comestibles
 c - a bread ration
 d - a meat ration
 h - a royal jelly


   Skills:
 - Level 1.5 Dodging
 + Level 6.9 Stealth
 - Level 2.0 Spellcasting
   Level 1.0 Conjurations
 + Level 4.8 Ice Magic


You had 7 spell levels left.
You knew the following spells:

 Your Spells              Type           Power        Failure   Level  Hunger
a - Freeze                Ice            ###.         3%          1    #......


Dungeon Overview and Level Annotations

Branches:
Dungeon (3/15)

Altars:


Innate Abilities, Weirdness & Mutations

You cannot wear boots.
You can spit poison.
Your serpentine skin is tough (AC +1).
You have supernaturally acute eyesight.
Armour fits poorly on your strangely shaped body.
Your system is resistant to poisons.
You cover ground very slowly.


Message History

The orc wizard gestures at you while chanting.
The magic dart hits you!
You hit the orc wizard!
The orc wizard's magic leaks into the air.
The orc wizard is heavily wounded.
The orc wizard hits you but does no damage.
The hobgoblin hits you with a club.
The orc wizard hits you with a dagger of flaming.
The orc wizard burns you.
You hit the orc wizard.
The orc wizard flickers and vanishes for a moment.
The orc wizard is heavily wounded.
The orc wizard completely misses you. The hobgoblin hits you with a club.
* * * LOW HITPOINT WARNING * * *
The orc hits you with a short sword.
* * * LOW HITPOINT WARNING * * *
The orc wizard hits you with a dagger of flaming.
* * * LOW HITPOINT WARNING * * *
The orc wizard burns you.
You die...

#.# #.###############
#...............#
###############.#
###..........#
#.....######'######
#..................
#......####........
###g@o...# #........
#..o.....# #........
#.####...# #........ #.#
#.### ##'######
.......go...#.# ###)###
(......o...#.# #.....####
....o......#.#####.........
.....)...oo#...............
........%.#######.........


You could see an orc wizard (invisible), an orc and a hobgoblin.

Vanquished Creatures
  Crazy Yiuf (D:2)
  Natasha (D:3)
  Ijyb (D:2)
  5 adders
  A gnoll (D:1)
  4 worms (D:2)
  An ooze (D:1)
  2 ball pythons
  6 bats
  3 giant cockroaches
  5 hobgoblins
  7 jackals (D:3)
  A quokka (D:3)
  2 giant newts (D:2)
  6 goblins
  6 kobolds
  8 rats
60 creatures vanquished.

Notes
Turn   | Place    | Note
--------------------------------------------------------------
     0 | D:1      | roverover, the Naga Ice Elementalist, began the quest for the Orb.
     0 | D:1      | Reached XP level 1. HP: 15/15 MP: 3/3
    74 | D:1      | Reached XP level 2. HP: 10/22 MP: 0/4
   258 | D:1      | Reached skill level 4 in Stealth
   422 | D:1      | Reached XP level 3. HP: 12/28 MP: 6/6
   916 | D:2      | Noticed Ijyb
   941 | D:2      | Killed Ijyb
  1002 | D:2      | Noticed Crazy Yiuf
  1015 | D:2      | Killed Crazy Yiuf
  1015 | D:2      | Reached skill level 5 in Stealth
  1015 | D:2      | Reached XP level 4. HP: 9/36 MP: 2/7
  1501 | D:2      | Reached XP level 5. HP: 18/42 MP: 9/9
  1854 | D:2      | Reached skill level 6 in Stealth
  2840 | D:3      | Noticed Natasha
  2854 | D:3      | Killed Natasha
  3075 | D:3      | HP: 2/42 [orc wizard/dagger of flaming (6)]
  3075 | D:3      | Slain by an orc wizard

Action                   |  1- 3 |  4- 6 || total
-------------------------+-------+-------++-------
Melee: Flail             |    28 |    53 ||    81
       Quarterstaff      |       |    44 ||    44
       Whip              |       |     4 ||     4
Throw: Stone             |     1 |     1 ||     2
 Cast: Freeze            |     9 |     2 ||    11
 Abil: Spit Poison       |    18 |    20 ||    38
  Use: Scroll            |       |     3 ||     3
 Stab: Sleeping          |     2 |     5 ||     7
  Eat: Chunk             |     1 |     8 ||     9
